 Dungeon Crawl Stone Soup version 0.30.0-10-gfe55d96785 (webtiles) character file.

Game seed: 218164878598796492

70 Pooter the Shooter (level 4, -2/38 HPs)
             Began as a Minotaur Hunter on May 15, 2023.
             Killed by divine providence
             ... invoked by an orc priest
              (10 damage)
             ... on level 3 of the Dungeon.
             The game lasted 00:09:41 (1444 turns).

Pooter the Shooter (Minotaur Hunter)                Turns: 1444, Time: 00:09:42

Health: -2/38      AC:  9    Str: 17    XL:     4   Next: 3%
Magic:  3/3        EV:  8    Int:  6    God:
Gold:   295        SH:  0    Dex: 14    Spells: 3/3 levels left

rFire   . . .        a - +0 whip (venom)
rCold   . . .        (no shield)
rNeg    . . .        x - +0 chain mail
rPois   .            (helmet restricted)
rElec   .            (no cloak)
rCorr   .            g - +0 pair of gloves
SInv    .            (no boots)
Will    .....        (no amulet) Stlth
                     (no ring)
HPRegen 0.26/turn    (no ring)
MPRegen 0.08/turn

%: no passive effects
@: no status effects
A: horns 2, retaliatory headbutt
a: no special abilities


You were on level 3 of the Dungeon.
You visited 1 branch of the dungeon, and saw 3 of its levels.

You collected 295 gold pieces.

Inventory:

Hand Weapons
 a - a +0 whip of venom (weapon)
   (You took it off a kobold on level 1 of the Dungeon)
 b - a +0 shortbow
 c - a +0 spear
   (You found it on level 1 of the Dungeon)
 k - a +0 short sword
   (You found it on level 1 of the Dungeon)
Missiles
 p - 2 poisoned darts
 t - 2 boomerangs
 Q - 21 stones (quivered)
Armour
 g - a +0 pair of gloves (worn)
   (You found it on level 1 of the Dungeon)
 x - a +0 chain mail (worn)
   (You found it on level 3 of the Dungeon)
Scrolls
 h - a scroll of vulnerability {!r}
 i - a scroll of immolation {!r}
 l - 3 scrolls of magic mapping
 m - a scroll of torment {unknown}
 r - a scroll of enchant weapon {unknown}
 u - a scroll of identify {unknown}
 w - a scroll of teleportation {unknown}
Potions
 d - 5 potions of degeneration {unknown}
 e - 3 potions of resistance {unknown}
 f - 2 potions of curing {unknown}
 j - a potion of ambrosia {unknown}
 n - a potion of heal wounds {unknown}
 o - a potion of lignification {unknown}
 q - a potion of invisibility {unknown}
 v - a potion of might {unknown}


   Skills:
 + Level 3.5 Fighting
 * Level 5.6 Ranged Weapons
 - Level 2.1 Dodging
 - Level 0.7 Stealth


You had 3 spell levels left.
You didn't know any spells.
Your spell library contained the following spells:

 Spells                   Type           Power      Damage    Failure   Level
 Ensorcelled Hibernation  Hex/Ice        0%         N/A       100%        2
 Passwall                 Tmut/Erth      0%         N/A       100%        2
 Swiftness                Air            0%         N/A       100%        3


Dungeon Overview and Level Annotations

Branches:
Dungeon (3/15)

Altars:

Shops:
D:2 (   D:3 [


Innate Abilities, Weirdness & Mutations

You have a pair of horns on your head.
You reflexively headbutt those who attack you in melee.


Message History

You see here a +0 chain mail.
You shoot an arrow. The arrow hits the bat.
The bat hits you but does no damage. The bat barely misses you.
You shoot an arrow. The arrow hits the bat.
You kill the bat!
You start removing your armour.
You continue taking off your +0 scale mail. x4
You finish taking off your +0 scale mail.
Unknown command.
You start putting on your armour.
You continue putting on your +0 scale mail. x4
You finish putting on your +0 scale mail.
You start removing your armour.
You continue taking off your +0 scale mail. x4
You finish taking off your +0 scale mail.
You start putting on your armour.
You continue putting on your +0 chain mail. x5
You finish putting on your +0 chain mail.
You drop a +0 scale mail.
Found a robe.
You see here a bat corpse.
Found a sling.
Found a scale mail.
You see here a +0 scale mail.
As you open the door, it creaks loudly!
An orc priest and an orc come into view.
The orc is wielding a +0 war axe of electrocution.
The orc shouts!
You hear a shout!
The orc priest mumbles some strange prayers to Beogh against you.
Beogh smites you!
Found 47 gold pieces.
Found a roughly hewn altar of Beogh.
Fire: b) +0 shortbow
Aim: an orc priest, wielding a +0 club (62% to hit)
You shoot an arrow.
The arrow hits the orc priest but does no damage.
The orc priest calls down the wrath of Beogh upon you.
Beogh smites you!
* * * LOW HITPOINT WARNING * * *
An orc priest comes into view. It is wielding a +0 club.
The orc priest hits you but does no damage.
Your +0 whip of venom begins to drip with poison!
a - a +0 whip of venom (weapon)
You barely miss the orc priest. You headbutt the orc priest.
You hit the orc priest.
The orc priest is poisoned.
Your headbutt misses the orc priest. The orc priest hits you with a +0 club.
* * * LOW HITPOINT WARNING * * *
You hit the orc but do no damage.
The orc is poisoned.
The orc priest mumbles some strange prayers to Beogh against you.
Beogh smites you!
You die...

#.........####.#....##
#.)...................
#.........###.........
#.........# #....#..##
#.........# #>...##..#
#.........# #....###..
#.#....#### #...<#....
.. #..[## #....#.... .
#..@# ######....
##.oo.o$._###.......
#..#.8$8.#....##.##
#..##$$$##...>##.##
#... ####..........
..#. .........# ~# .
.......... ~. ..
........# .........


You could see 2 orc priests and an orc (very poisoned).

Vanquished Creatures
  3 adders (D:3)
  5 ball pythons
  5 endoplasms
  3 giant cockroaches
  2 goblins (D:3)
  2 hobgoblins
  4 jackals (D:1)
  2 quokkas
  5 bats
  5 frilled lizards
  2 kobolds (D:1)
  4 rats
42 creatures vanquished.

Notes
Turn   | Place    | Note
-------+----------+-------------------------------------------
     0 | D:1      | Pooter the Minotaur Hunter began the quest for the Orb.
     0 | D:1      | Reached XP level 1. HP: 18/18 MP: 0/0
   147 | D:1      | Reached XP level 2. HP: 22/25 MP: 1/1
   617 | D:2      | Reached skill level 5 in Ranged Weapons
   910 | D:2      | Found a faded altar of an unknown god.
  1002 | D:2      | Found Jicamnu's Weapon Shop.
  1015 | D:2      | Reached XP level 3. HP: 31/31 MP: 2/2
  1183 | D:3      | Found Ubbezied's Armour Emporium.
  1330 | D:3      | Reached XP level 4. HP: 38/38 MP: 3/3
  1444 | D:3      | Killed from afar by an orc priest

Illustrated notes

Levels and vault maps discovered:
D:1:      minmay_arrival_loop, layout_basic
D:2:      layout_basic, nicolae_ecumenical_lake_church, serial_shops, shop,
          minmay_gold_behind_fungi, kennysheep_cross_bottleneck
D:3:      layout_rooms, serial_rivers, chequers_serial_rivers_micro_c,
          chequers_serial_rivers_small_3, chequers_serial_rivers_large_a,
          chequers_serial_rivers_micro_d, serial_shops, nicolae_shop_stone,
          kennysheep_orc_chapel

Skill      XL: |  1  2 |
---------------+-------+-----
Fighting       | 3 |  3.5
Ranged Weapons | 5 |  5.6
Dodging        | |  2.1
Stealth        | |  0.7

Action                     |  1- 3 |  4- 6 || total
---------------------------+-------+-------++-------
  Melee: Whip              |    30 |     3 ||    33
         Headbutt          |     3 |     1 ||     4
         Punch             |     1 |       ||     1
   Fire: Shortbow          |    67 |     4 ||    71
    Use: Scroll            |     2 |       ||     2
 Armour: Leather armour    |     3 |       ||     3
         Ring mail         |     7 |       ||     7
         Scale mail        |     6 |     1 ||     7
         Chain mail        |       |     1 ||     1
  Dodge: Dodged            |    36 |     2 ||    38
